 Dungeon Crawl Stone Soup version 0.22-a0-803-gd6d8abeff0 (webtiles) character file.

1444 Holzbalken the Cruncher (level 8, -1/56 HPs)
             Began as a Demonspawn Gladiator on July 22, 2018.
             Slain by a troll (2 damage)
             ... on level 6 of the Dungeon.
             The game lasted 00:22:34 (4863 turns).

Holzbalken the Cruncher (Demonspawn Gladiator)      Turns: 4863, Time: 00:22:34

Health: -1/56      AC: 13    Str: 22    XL:     8   Next: 46%
Magic:  8/8        EV: 14    Int:  9    God:
Gold:   296        SH:  0    Dex: 19    Spells: 7/7 levels left

rFire    + . .     SeeInvis .   o - +4 quarterstaff
rCold    + . .     Gourm    .   (shield currently unavailable)
rNeg     . . .     Faith    .   g - +0 chain mail
rPois    +         Spirit   .   (helmet restricted)
rElec    .         Reflect  .   n - +2 cloak
rCorr    .         Harm     .   b - +1 pair of gloves
MR       .....                  (no boots)
Stlth    ..........             (no amulet)
HPRegen  0.18/turn              y - ring of poison resistance
MPRegen  0.11/turn              h - +4 ring of strength

@: agile, drained
A: antennae 2, hooves 1, cold resistance 1, fire resistance 1, high mp 1, rot
immunity
a: no special abilities


You were on level 6 of the Dungeon.
You were hungry.

You visited 2 branches of the dungeon, and saw 7 of its levels.

You collected 296 gold pieces.

Inventory:

Hand Weapons
 a - a +0 quarterstaff
 o - a +4 quarterstaff (weapon)
Missiles
 d - 3 throwing nets (quivered)
Armour
 b - a +1 pair of gloves (worn)
 g - a +0 chain mail (worn)
 n - a +2 cloak (worn)
Jewellery
 h - a +4 ring of strength (right hand)
 y - a ring of poison resistance (left hand)
 z - a +3 ring of intelligence
Wands
 q - a wand of paralysis (9)
Scrolls
 c - a scroll of fear {unknown}
 m - 2 scrolls of remove curse
 t - 2 scrolls of fog
 x - a scroll of teleportation
 C - 2 scrolls of identify
Potions
 e - 3 potions of haste
 i - 2 potions of flight
 j - a potion of ambrosia {unknown}
 k - 2 potions of agility
 l - a potion of cancellation {unknown}
 p - a potion of resistance {unknown}
 r - a potion of invisibility {unknown}
 s - a potion of heal wounds {unknown}
 u - 2 potions of berserk rage {unknown}
 v - 2 potions of mutation
 A - 3 potions of magic
 B - 2 potions of curing {unknown}
 F - a potion of lignification {unknown}
Comestibles
 f - 13 rations


   Skills:
 - Level 2.0(1.4) Fighting
 + Level 10.0(9.4) Staves
 - Level 1.7(1.2) Throwing
 - Level 2.6(2.1) Dodging


You had 7 spell levels left.
You didn't know any spells.
Your spell library was empty.

Dungeon Overview and Level Annotations

Branches:
Dungeon (6/15)             Temple (1/1) D:6

Altars:
Ashenzari
Cheibriados
Dithmenos
Elyvilon
Fedhas
Gozag
Hepliaklqana
Kikubaaqudgha
Makhleb
Nemelex Xobeh
Okawaru
Qazlal
Ru
Sif Muna
Trog
Uskayaw
Vehumet
Wu Jian
Xom
Yredelemnul
The Shining One

Annotations:
D:5 3 runed doors, Faustar's ghost, novice NaMo


Innate Abilities, Weirdness & Mutations

You have a pair of antennae on your head.
You have large cloven feet.
Your flesh is cold resistant. (rC+)
You are immune to rotting.
Your flesh is heat resistant. (rF+)
You have an increased reservoir of magic. (+10% MP)


Message History

Sorry, you're not good enough to have a special ability.
You hit the troll. You kick the troll.
The troll is lightly wounded.
The troll bites you but does no damage. The troll barely misses you. x2
Your chain mail prevents you from hitting the troll.
The troll is lightly wounded.
The troll misses you. The troll closely misses you.
The troll claws you but does no damage.
You hit the troll. Your kick misses the troll.
The troll is moderately wounded.
The troll bites you.
* * * LOW HITPOINT WARNING * * *
The troll claws you!
* * * LOW HITPOINT WARNING * * *
The troll claws you!
* * * LOW HITPOINT WARNING * * *
It was a potion of agility.
You feel agile all of a sudden. The troll bites you.
You die...

...............,,+,,.............
.......####....,,***#.....##....#
.......# ****#*#####.....'+....#
######## #######.........##....#
#....# #...............##....#
#....# #...............###...#
###....####...............###...#
..........................'......
#.#....####.....@T........#######
#'#....## #...............# #
........# #.........).....#
........# #.........(.....# ****
........# #.........(.....# *,,,
........# #.........(.....# *,,,
........# #####.....(###### *,,,
........#### #.....(# *,,,
...........## #......# *,,,


You could see a troll.

Vanquished Creatures
  Eustachio (D:4)
  Menkaure (D:6)
  Edmund (D:6)
  Duvessa (D:6)
  A sky beast (D:6)
  2 phantoms
  2 centaurs (D:6)
  A bullfrog (D:6)
  Dowan (D:6)
  2 howler monkeys
  A crimson imp (D:6)
  A jelly (D:5)
  An orc priest (D:4)
  An iguana (D:4)
  2 worker ants (D:5)
  7 adders
  3 worms
  2 dart slugs
  5 leopard geckos
  17 orcs
  5 bats
  6 giant cockroaches
  6 goblins
  9 hobgoblins
  7 jackals
  2 quokkas
  3 ball pythons
  4 frilled lizards
  2 giant cockroach zombies (D:5)
  12 kobolds
  A leopard gecko skeleton (D:5)
  A leopard gecko zombie (D:5)
  2 rats
  A fungus (D:1)
  A plant (D:4)
115 creatures vanquished.

Notes
Turn   | Place    | Note
-------+----------+-------------------------------------------
     0 | D:1      | Holzbalken the Demonspawn Gladiator began the quest for the Orb.
     0 | D:1      | Reached XP level 1. HP: 16/16 MP: 1/1
    90 | D:1      | Reached skill level 3 in Staves
   161 | D:1      | Gained mutation: You are immune to rotting. [demonic ancestry]
   161 | D:1      | Reached XP level 2. HP: 18/22 MP: 2/2
   683 | D:1      | Gained mutation: Your flesh is cold resistant. (rC+) [demonic ancestry]
   683 | D:1      | Reached XP level 3. HP: 20/27 MP: 3/3
   805 | D:2      | Reached skill level 4 in Staves
  1416 | D:3      | Gained mutation: You have a pair of small antennae on your head. [demonic ancestry]
  1416 | D:3      | Reached XP level 4. HP: 32/33 MP: 4/4
  2194 | D:4      | Noticed Eustachio
  2216 | D:4      | Killed Eustachio
  2216 | D:4      | Reached skill level 6 in Staves
  2216 | D:4      | Gained mutation: You have large cloven feet. [demonic ancestry]
  2216 | D:4      | Reached XP level 5. HP: 21/38 MP: 5/5
  2624 | D:4      | Noticed a phantom
  2628 | D:4      | Killed a phantom
  2628 | D:4      | Gained mutation: You have a pair of antennae on your head. [demonic ancestry]
  2628 | D:4      | Reached XP level 6. HP: 44/44 MP: 6/6
  2921 | D:4      | Reached skill level 7 in Staves
  3206 | D:5      | Entered Level 5 of the Dungeon
  3235 | D:5      | Reached XP level 7. HP: 36/50 MP: 7/7
  3469 | D:5      | Noticed Faustar's ghost (novice NaMo)
  3493 | D:5      | Found a runed gate.
  3493 | D:5      | Found a runed gate.
  3493 | D:5      | Found a runed gate.
  3642 | D:5      | Reached skill level 8 in Staves
  3652 | D:5      | Got a translucent war axe
  4148 | D:6      | Noticed Duvessa
  4148 | D:6      | Noticed Dowan
  4169 | D:6      | Killed Duvessa
  4169 | D:6      | Reached skill level 9 in Staves
  4169 | D:6      | Reached XP level 8. HP: 41/56 MP: 8/8
  4175 | D:6      | Killed Dowan
  4407 | D:6      | Noticed Menkaure
  4408 | D:6      | Found a staircase to the Ecumenical Temple.
  4418 | D:6      | Killed Menkaure
  4428 | Temple   | Entered the Ecumenical Temple
  4588 | D:6      | Noticed Edmund
  4598 | D:6      | Killed Edmund
  4598 | D:6      | Reached skill level 10 in Staves
  4781 | D:6      | Noticed a troll
  4859 | D:6      | Gained mutation: Your flesh is heat resistant. (rF+) [potion of mutation]
  4859 | D:6      | Gained mutation: You have an increased reservoir of magic. (+10% MP) [potion of mutation]
  4862 | D:6      | HP: 1/56 [troll (7)]
  4863 | D:6      | Slain by a troll

Vault maps used:
D:1:      dpeg_cavernosity
D:3:      minmay_close_crescents
D:4:      corexii_shack_village, first_ration, uniq_eustachio
D:5:      gammafunk_ghost_icy, minivault_14
D:6:      temple_pool_b, uniq_duvessa, uniq_menkaure, uniq_edmund
Temple:   grunt_wide_crystal_templ

Skill      XL: |  1  2  3  4  5  6  7  8 |
---------------+-------------------------+-----
Staves         | 3 4 6 7 9 10 | 10.0
Fighting       | |  2.0
Throwing       | |  1.7
Dodging        | |  2.6

Action                   |  1- 3 |  4- 6 |  7- 9 || total
-------------------------+-------+-------+-------++-------
Melee: Quarterstaff      |    96 |   127 |   114 ||   337
       Kick              |       |    24 |    25 ||    49
  Use: Scroll            |       |       |    12 ||    12
       Potion            |       |       |     3 ||     3
  Eat: Chunk             |     2 |     5 |     5 ||    12
Armor: Ring mail         |    52 |    33 |     5 ||    90
       Chain mail        |       |       |    54 ||    54
Dodge: Dodged            |    81 |    41 |    45 ||   167

Table legend:
 A = Spawn XP
 B = Non-spawn XP
 C = Spawn XP percentage of total XP
 D = Spawn monster count
 E = Non-spawn monster count
 F = Spawn count percentage of total count
 G = Total turns spent on level
                    A         B        C        D         E        F      G
               +---------+---------+-------+---------+---------+-------+---------
         Total |       0 |    2063 |   0.0 |       0 |     113 |   0.0 |  4863
               +---------+---------+-------+---------+---------+-------+---------
           D:1 |       0 |      45 |   0.0 |       0 |      18 |   0.0 |   776
           D:2 |       0 |      30 |   0.0 |       0 |      16 |   0.0 |   544
           D:3 |       0 |      59 |   0.0 |       0 |      20 |   0.0 |   854
           D:4 |       0 |     537 |   0.0 |       0 |      27 |   0.0 |  1032
           D:5 |       0 |     336 |   0.0 |       0 |      23 |   0.0 |   867
           D:6 |       0 |    1056 |   0.0 |       0 |       9 |   0.0 |   706
               +---------+---------+-------+---------+---------+-------+---------
